 Dungeon Crawl Stone Soup version 0.32-a0-377-g951292165a (webtiles) character file.

Game seed: 8709943650226310747

56 EC1 the Slasher (level 3, -1/31 HPs)
             Began as a Minotaur Gladiator on Feb 19, 2024.
             Slain by a ribbon worm (7 damage)
             ... on level 2 of the Dungeon.
             The game lasted 00:01:31 (1037 turns).

EC1 the Slasher (Minotaur Gladiator)                Turns: 1037, Time: 00:01:32

Health: -1/31      AC:  3    Str: 20    XL:     3   Next: 69%
Magic:  2/2        EV: 12    Int:  5    God:
Gold:   36         SH:  0    Dex: 11    Spells: 2/2 levels left

rFire   . . .        a - +0 long sword
rCold   . . .        (no shield)
rNeg    . . .        b - +0 leather armour
rPois   .            c - +0 hat
rElec   .            (no cloak)
rCorr   .            (no gloves)
SInv    .            (no boots)
Will    .....        (no amulet)
Stlth   +            (no ring)
HPRegen 0.25/turn    (no ring)
MPRegen 0.08/turn

%: no passive effects
@: no status effects
A: horns 2, retaliatory headbutt
a: no special abilities


You were on level 2 of the Dungeon.
You visited 1 branch of the dungeon, and saw 2 of its levels.

You collected 36 gold pieces.

Inventory:

Hand Weapons
 a - a +0 long sword (weapon)
Missiles
 d - 3 throwing nets
 e - a javelin (quivered)
Armour
 b - a +0 leather armour (worn)
 c - a +0 hat (worn)
Scrolls
 g - a scroll of poison
Potions
 f - a potion of mutation {unknown}
 j - 2 potions of curing
 l - a potion of lignification {unknown}
 m - a potion of might


   Skills:
 + Level 3.0 Fighting
 + Level 4.5 Long Blades
 + Level 2.0 Throwing
 + Level 1.3 Armour
 + Level 3.8 Dodging
 + Level 0.2 Stealth


You had 2 spell levels left.
You didn't know any spells.
Your spell library was empty.

Dungeon Overview and Level Annotations

Branches:
Dungeon (2/15)

Altars:


Innate Abilities, Weirdness & Mutations

You have a pair of horns on your head.
You reflexively headbutt those who attack you in melee.


Message History

The stream of webbing hits you but does no damage.
You are caught in a web!
You are caught in a web!
You are caught in a web!
Unknown command.
The web tears apart.
You completely miss the ribbon worm.
The ribbon worm is lightly wounded.
The ribbon worm expels a string of sticky webbing.
The stream of webbing hits you but does no damage.
You are caught in a web!
The ribbon worm closely misses you.
You struggle to detach yourself from the web.
The ribbon worm barely misses you. The ribbon worm bites you.
You struggle to detach yourself from the web.
The ribbon worm bites you but does no damage. x2
The web tears apart.
The ribbon worm closely misses you. The ribbon worm bites you!
You hit the ribbon worm.
The ribbon worm is moderately wounded.
The ribbon worm bites you. x2
You hit the ribbon worm.
The ribbon worm is severely wounded.
The ribbon worm closely misses you. The ribbon worm misses you.
You slash the ribbon worm! You headbutt the ribbon worm.
You kill the ribbon worm!
A ribbon worm comes into view.
The ribbon worm bites you.
Unknown command.
The ribbon worm misses you.
The ribbon worm expels a string of sticky webbing.
The stream of webbing hits you but does no damage.
You are caught in a web!
There is a web, spattered with blood here.
The web tears apart.
The ribbon worm bites you.
The ribbon worm attacks as it pursues you!
The ribbon worm bites you.
* * * LOW HITPOINT WARNING * * *
Unknown command.
The ribbon worm bites you!
You die...

. #. #..#..... # ...#..#
... # . #....# .^.^ #
#.###...# ...^ #
#....#..# ....#
#....####...##
###.w........#
#..w........
#.@........#
#...........
###...####..
#############...#....#
###..........)..######.#
....############# ..
##### .. .


You could see 2 ribbon worms.

Vanquished Creatures
  An adder (D:2)
  2 ribbon worms (D:2)
  2 ball pythons (D:2)
  4 endoplasms
  A giant cockroach (D:1)
  A goblin (D:1)
  3 hobgoblins
  4 jackals (D:1)
  A frilled lizard (D:1)
  2 kobolds (D:2)
  2 rats (D:2)
23 creatures vanquished.

Notes
Turn   | Place    | Note
-------+----------+-------------------------------------------
     0 | D:1      | EC1 the Minotaur Gladiator began the quest for the Orb.
     0 | D:1      | Reached XP level 1. HP: 18/18 MP: 0/0
    51 | D:1      | Reached XP level 2. HP: 25/25 MP: 1/1
    54 | D:1      | Reached skill level 4 in Long Blades
    85 | D:1      | Found a faded altar of an unknown god.
   840 | D:2      | Reached XP level 3. HP: 25/30 MP: 2/2
  1017 | D:2      | Reached skill level 1 in Armour
  1037 | D:2      | Slain by a ribbon worm

Illustrated notes

Levels and vault maps discovered:
D:1:      dpeg_arrival_water_temple_mockup, layout_basic,
          shapermc_ecumenical_altar_totnotflames
D:2:      layout_rooms, nicolae_wormholes

Skill      XL: |  1  2  3 |
---------------+----------+-----
Long Blades    | 4 |  4.5
Fighting       | 3 |  3.0
Armour         | 1 |  1.3
Throwing       | |  2.0
Dodging        | |  3.8
Stealth        | |  0.2

Action                     || total
---------------------------++-------
  Melee: Long sword        ||    55
         Headbutt          ||    10
  Throw: Javelin           ||     1
    Use: Scroll            ||     6
         Potion            ||     2
   Stab: Sleeping          ||     1
 Armour: Leather armour    ||    40
  Dodge: Dodged            ||    32

Table legend: (Time is in decaauts)
 A = Elapsed time spent in this place.
 B = Non-inter-level travel time spent in this place.
 C = Inter-level travel time spent in this place.
 D = Time resting spent in this place.
 E = Time spent auto-exploring this place.
 F = Levels seen in this place.
 G = Mean time per level.
                   A        B        C        D        E       F      G
               +--------+--------+--------+--------+--------+-----+--------+
         Total |   1048 |   1048 |      0 |    239 |    621 |   2 |  524.0 |
       Dungeon |   1048 |   1048 |      0 |    239 |    621 |   2 |  524.0 |
               +--------+--------+--------+--------+--------+-----+--------+

Top non-repeatable levels by time:
     D:1: 833 daAuts
     D:2: 214 daAuts
